Unix NetHack Version 5.0.0-0 post-release - last build May  4 2026 22:22:43 (774f63e81ad911689b3a0859ea89b322d5daca8d,branch:main).

Game began 2026-05-05 16:49:51, ended 2026-05-05 17:31:44.

DiePARTEI, lawful female human Monk

       --------
       |.....<|                                 -----
       |......|                                 |....#
       |......|                              ###[...|#
       ----%---                              #  |...|#
           ##                                #  -----#
            ##                               #       #
             #                              ##       #
             #                             ##       ##
         -.--|--                          ##       # #
         |......###                       # #     ####
         |<....|  #                       ##     # #
         |.....|  #  -----      ----------#       ##
         |.....|  #  |...|#     |.....%...#       #  -------------
         |.....|  ###-...-######......[..|        u  ............|
         -------     |...|      |........|        @m.............+
                     -----      ----------           :...........|
                                                     -------------

DiePARTEI the Initiate          St:18/09 Dx:12 Co:13 In:11 Wi:13 Ch:10  Lawful
Dlvl:9  $:332 HP:0(48) Pw:33(33) AC:2  Xp:6 T:3140 

Latest messages:
 What do you want to throw? [$xU or ?*] f
 In what direction? 3
 The horse seems more amiable.
 Your horse devours an uncursed apple.
 The giant ant misses!
 You miss the giant ant.
 You miss the giant ant.
 The giant ant bites!
 The horse picks up a dwarf lady corpse.
 The horse hits the giant ant.
 The horse misses the giant ant.
 The giant ant misses the horse.
 The horse misses the giant ant.
 The horse bites the giant ant.
 You kill the giant ant!
 The horse drops a dwarf lady corpse.
 You are beginning to feel hungry.
 There is a staircase down here.
 You see here a dwarf lady corpse.
 What do you want to eat? [efghG or ?*] ?
 This food really hits the spot!
 The horse picks up a dwarvish cloak.
 The horse drops a dwarvish cloak.
 You finish eating the food ration.
 K - a pick-axe.
 You see here a dwarvish cloak.
 The horse picks up a dwarvish cloak.
 You are carrying too much to get through.
 You see here 49 gold pieces.
 $ - 49 gold pieces (332 in total).
 The horse drops a dwarvish cloak.
 You are carrying too much to get through.
 You swap places with your horse.
 That closed door actually is a giant mimic!
 The giant mimic hits!
 The giant mimic hits again!
 You cannot escape from the giant mimic!
 You hit the giant mimic!
 What do you want to drink? [lsuRX or ?*] ?
 You feel strong!
 You hit the giant mimic!
 You hit the giant mimic!
 The giant mimic hits!
 The giant mimic hits again!
 You die...
 Do you want your possessions identified? [ynq] (y) y
 Do you want to see your attributes? [ynq] (y) y
 Do you want an account of creatures vanquished? [ynaq] (y) y
 Do you want to see your conduct and achievements? [ynq] (y) y
 Do you want to see the dungeon overview? [ynq] (y) y

Inventory:
 Coins    ('$')
  $ - 332 gold pieces
 Weapons  (')')
  U - a +0 long sword
  x - a blessed +3 mace
 Armor    ('[')
  n - a cursed -1 helm of opposite alignment (being worn)
  a - a blessed +2 pair of leather gloves (being worn)
  F - a cursed +0 pair of high boots (being worn)
  D - an uncursed +0 pair of kicking boots
  H - an uncursed +0 mummy wrapping
  b - an uncursed +1 robe (being worn)
 Comestibles  ('%')
  f - 5 uncursed apples
  G - an uncursed carrot
  e - 8 uncursed food rations
  h - 4 uncursed fortune cookies
  g - 7 uncursed oranges
 Scrolls  ('?')
  o - an uncursed scroll of create monster
  A - an uncursed scroll of create monster
  I - 2 uncursed scrolls of earth
  B - a blessed scroll of enchant weapon
  v - a blessed scroll of light
  Z - a cursed scroll of scare monster
  L - an uncursed scroll of teleportation
 Spellbooks  ('+')
  i - a blessed spellbook of healing
  t - an uncursed spellbook of magic missile
 Potions  ('!')
  l - an uncursed potion of gain ability
  u - an uncursed potion of gain energy
  R - an uncursed potion of monster detection
  s - an uncursed potion of paralysis
  X - an uncursed potion of water
 Rings    ('=')
  E - a cursed -3 ring of increase damage
  y - an uncursed ring of shock resistance
 Wands    ('/')
  C - a wand of light (0:11)
  S - a cursed wand of opening (0:1)
 Tools    ('(')
  m - an uncursed lock pick
  K - a +0 pick-axe
  r - an uncursed tin whistle
 Gems/Stones  ('*')
  Q - an uncursed worthless piece of black glass
  P - an uncursed worthless piece of orange glass
  q - a cursed worthless piece of white glass
  z - 2 uncursed worthless pieces of yellowish brown glass

DiePARTEI the Monk's attributes:

Background:
 You were an Initiate, a level 6 female human Monk.
 You were lawful, temporarily on a mission for Shan Lai Ching
 who was opposed by Chih Sung-tzu (neutral) and Huan Ti (chaotic).
 You were actually chaotic.
 You were right-handed.
 You were in the Dungeons of Doom, on level 9.
 You entered the dungeon 3140 turns ago.
 You had 632 experience points, 8 more were needed to attain level 7.

Basics:
 You had 0 out of 48 hit points.
 You had all 33 energy points (spell power).
 Your armor class was 2.
 Your wallet contained 332 zorkmids.
 Autopickup was off.

Final Characteristics:
 Your strength was 18/09 (limit:18/100).
 Your dexterity was 12 (limit:18).
 Your constitution was 13 (limit:18).
 Your intelligence was 11 (limit:18).
 Your wisdom was 13 (limit:18).
 Your charisma was 10 (limit:18).

Final Status:
 You were held by a giant mimic (east).
 You weren't hungry.
 You were unencumbered.
 You were empty handed.
 You had basic skill with martial arts and could have enhanced that.

Final Attributes:
 You were piously aligned.
 You were sleep resistant.
 You were poison resistant.
 You saw invisible.
 You were stealthy.
 You were guarded.
 Your spell casting was enhanced by wearing a robe.
 You were fast.
 You are dead.

Miscellaneous:
 You didn't encounter any bones levels.
 Total elapsed playing time was 41 minutes and 48 seconds.

Major events:
 Turn
    1: DiePARTEI the chaotic female human Monk entered the dungeon
 1088: attained the rank of Novice (level 3)
 2279: attained the rank of Initiate (level 6)
 2521: entered Sokoban
 2734: completed 1st Sokoban level
 3140: killed by a giant mimic

Spells:
 Name                 Level Category     Fail Retention
 healing                1   healing        0%   81%-90%

Skills:
 Fighting Skills
   martial arts       [Basic]
 Weapon Skills
   quarterstaff       [Unskilled]
   spear              [Unskilled]
   crossbow           [Unskilled]
   shuriken           [Unskilled]
 Spellcasting Skills
   attack spells      [Unskilled]
   healing spells     [Basic]
   divination spells  [Unskilled]
   enchantment spells [Unskilled]
   clerical spells    [Unskilled]
   escape spells      [Unskilled]
   matter spells      [Unskilled]

Voluntary challenges:
 Character rerolling was not enabled.
 You followed a strict vegan diet.
 You were an atheist.
 You never genocided any monsters.
 You never polymorphed an object.
 You never changed form.
 You used no wishes.
 You did not violate any of the special Sokoban rules.
Achievements:
 You entered a shop.
 You attained the rank of Novice.
 You attained the rank of Initiate.
 You entered Sokoban.

 The Dungeons of Doom: levels 1 to 9
    Level 1:
    Level 2: "gold"
    Level 3:
       A weapon shop, a fountain.
    Level 4:
       A general store, a fountain.
    Level 5:
       A grave.
    Level 6:
    Level 7:
       A general store, a sink.
    Level 8:
    Level 9: "untensoko" <- You were here.
       Stairs up to Sokoban, level 8.
       Final resting place for
          you, killed by a giant mimic.
 Sokoban: levels 8 up to 7
    Level 7:
       Unsolved.
    Level 8:
       Solved.


Vanquished creatures:
  2 leprechauns
  a giant spider
  a baby long worm
 an orc mummy
  a dog
  a dwarf leader
  a raven
  2 apes
  a quasit
  a mountain nymph
 an orc shaman
  2 fog clouds
  2 yellow lights
  2 gray oozes
  a ghoul
  a giant ant
  a floating eye
  a homunculus
  a giant bat
  a wererat
 an iguana
  a killer bee
  2 coyotes
  a hobbit
  a hobgoblin
  a giant rat
  2 geckos
  5 jackals
  a fox
  2 goblins
  a sewer rat
  5 grid bugs
  a bat
  4 lichens
  a kobold zombie
  5 newts
59 creatures vanquished.

No species were genocided or became extinct.

Game over:
                       ----------
                      /          \
                     /    REST    \
                    /      IN      \
                   /     PEACE      \
                  /                  \
                  |    DiePARTEI     |
                  |      332 Au      |
                  |   killed by a    |
                  |   giant mimic    |
                  |                  |
                  |                  |
                  |       2026       |
                 *|     *  *  *      | *
        _________)/\\_//(\/(/\)/\//\/|_)_______

Goodbye DiePARTEI the Monk...

You died in The Dungeons of Doom on dungeon level 9 with 3247 points,
and 332 pieces of gold, after 3140 moves.
You were level 6 with a maximum of 48 hit points when you died.

